 Dungeon Crawl Stone Soup version 0.29.0-4-gdea44cf6ec (webtiles) character file.

Game seed: 9843843784381939798

3784 qw the Cleaver (level 9, -3/80 HPs)
             Began as a Minotaur Berserker on Sept 9, 2022.
             Was an Elder of Trog.
             Succumbed to an orange demon's poison
             ... on level 8 of the Dungeon.
             The game lasted 00:02:41 (8503 turns).

qw the Cleaver (Minotaur Berserker)                 Turns: 8503, Time: 00:02:41

Health: -3/80      AC: 18    Str: 32    XL:     9   Next: 95%
Magic:  8/8        EV:  9    Int:  4    God:    Trog [****..]
Gold:   394        SH:  0    Dex: 10    Spells: 8/8 levels left

rFire   . . .      SeeInvis +   Y - +0 war axe
rCold   . . .      Faith    .   (no shield)
rNeg    . . .      Spirit   .   c - +0 plate armour
rPois   .          Reflect  .   o - +2 hat
rElec   .          Harm     .   (no cloak)
rCorr   .          Rampage  .   f - +2 pair of gloves
Will    .....                   (no boots)
Stlth   ..........              s - amulet of the acrobat
HPRegen 0.23/turn               d - ring of see invisible
MPRegen 0.11/turn               r - ring of Podae {Fly Str+6}

@: lethally poisoned (-3 -> -38), about to teleport, weakened, on berserk
cooldown, flying, slowed, very slow
A: horns 2, retaliatory headbutt
a: Renounce Religion, Berserk, Trog's Hand, Brothers in Arms


You were on level 8 of the Dungeon.
You worshipped Trog.
Trog was greatly pleased with you.
You visited 1 branch of the dungeon, and saw 8 of its levels.

You collected 450 gold pieces.
You spent 56 gold pieces at shops.


Innate Abilities, Weirdness & Mutations

You have a pair of horns on your head.
You reflexively headbutt those who attack you in melee.


   Skills:
 + Level 7.7 Fighting
 - Level 13.6 Axes
 - Level 4.1 Throwing
 - Level 6.2 Armour
 - Level 3.3 Dodging


You had 8 spell levels left.
You didn't know any spells.
Your spell library was empty.

Inventory:

Hand Weapons
 w - a +3 flail
 Y - a +0 war axe (weapon)
Missiles
 e - a silver boomerang
 l - 6 boomerangs (quivered)
Armour
 c - a +0 plate armour (worn)
 f - a +2 pair of gloves (worn)
 o - a +2 hat (worn)
Jewellery
 d - a ring of see invisible (left hand)
 g - a ring of ice
 h - a +6 ring of dexterity
 r - the ring of Podae (right hand) {Fly Str+6}
   (You found it on level 7 of the Dungeon)

   [ring of flight]

   Str:       It affects your strength (+6).
   Fly:       It grants you flight.
 s - an amulet of the acrobat (around neck)
Scrolls
 i - a scroll of teleportation
 m - a scroll of identify
Potions
 a - 2 potions of heal wounds
 b - 4 potions of might
 n - a potion of flight {unknown}
 p - a potion of mutation {unknown}
 q - a potion of curing {unknown}
 t - a potion of resistance

Dungeon Overview and Level Annotations

Branches:
Dungeon (8/15)             Temple (0/1) D:4
   Lair: D:8-11

Altars:
Nemelex Xobeh

Shops:
D:1 =   D:2 ?   D:8 =


Message History

You feel as though you will be slow longer.
The orange demon closely misses you.
You barely miss the orange demon.
You feel very sick. The orange demon stings you!
The orange demon hits you but does no damage.
You slash the orange demon!
The orange demon is lightly wounded.
You feel very sick.
The orange demon stings you but does no damage.
The orange demon closely misses you.
You closely miss the orange demon.
The orange demon is lightly wounded.
You feel sick. The orange demon stings you.
The orange demon hits you but does no damage.
You barely miss the orange demon. You headbutt the orange demon!
The orange demon is moderately wounded.
You feel sick.
The orange demon no longer looks unusually toxic.
The orange demon stings you!
You are lethally poisoned!
The orange demon poisons you! The orange demon hits you.
You feel your attacks grow feeble.
You barely miss the orange demon. You headbutt the orange demon.
The orange demon is heavily wounded.
You feel extremely sick.
The orange demon stings you but does no damage.
The orange demon barely misses you.
The orange demon stings you but does no damage.
The orange demon barely misses you.
You barely miss the orange demon. Your headbutt misses the orange demon.
The orange demon is heavily wounded.
You feel very sick. The orange demon stings you!
You are more poisoned.
The orange demon poisons you! The orange demon hits you.
8503 ||| READING 2 scrolls of teleportation.
As you read the scroll of teleportation, it crumbles to dust.
You feel strangely unstable.
You die...

......# #.#
####### #.# #.#
#### #.# ...####
#.# ...'..# #.#
...##.# #.#
.#.##.# #)#
.#.##.# #@#
.#.##.# #4#
...##.# #..
.####.# #### ####
.# #.# #...[. .#
#.# #.##.#
.####.#####.##.# #
.#..........##.##.
<#.##.......#....


You could see an orange demon.

Vanquished Creatures
  Amaemon (D:8)
  Pikel (D:8)
  Maggie (D:7)
  4 water moccasins
  An acid dragon (D:7)
  An orc warrior (D:7)
  3 ogres
  A centaur (D:7)
  4 lemures
  A phantom (D:4)
  4 necrophages
  A bullfrog (D:7)
  A scorpion (D:4)
  4 wights (D:6)
  A howler monkey (D:7)
  4 hounds
  4 jellies
  2 orc priests (D:8)
  2 gnoll boudas
  4 iguanas
  5 orc wizards
  7 adders
  14 gnolls
  An ufetubus (D:6)
  2 worms (D:2)
  3 dart slugs
  18 orcs
  4 ball pythons
  11 endoplasms
  6 giant cockroaches
  10 goblins
  9 hobgoblins
  8 quokkas
  5 bats
  6 frilled lizards
  11 kobolds
  8 rats
173 creatures vanquished.

Notes
Turn   | Place    | Note
-------+----------+-------------------------------------------
     0 | D:1      | qw the Minotaur Berserker began the quest for the Orb.
     0 | D:1      | Reached XP level 1. HP: 19/19 MP: 0/0
     0 | D:1      | 0 ||| qw: Version: 0.1-a-113-g051387a
     0 | D:1      | 0 ||| qw: Game counter: 7070
     0 | D:1      | 0 ||| qw: Always use a shield: true
     0 | D:1      | 0 ||| qw: Do Orc after D:15 true
     0 | D:1      | 0 ||| qw: Do second Lair branch before Depths: true
     0 | D:1      | 0 ||| qw: Lair rune preference: random
     0 | D:1      | 0 ||| qw: Plans: Normal
     0 | D:1      | 0 ||| PLANNING D:1-11
     1 | D:1      | Found Rusedat's Jewellery Shop.
     8 | D:1      | 8 ||| SHOPLISTING +4 ring of evasion (468 gold, have 0).
     8 | D:1      | 8 ||| SHOPLISTING amulet of guardian spirit (390 gold, have
                  | 0).
     8 | D:1      | 8 ||| SHOPLISTING amulet of reflection (390 gold, have 0).
     8 | D:1      | 8 ||| SHOPLISTING ring of Xuelluucw {Contam rN+ Slay+4}
                  | (496 gold, have 0).
     8 | D:1      | 8 ||| SHOPLISTING ring of resist corrosion (260 gold, have
                  | 0).
   130 | D:1      | Reached skill level 4 in Axes
   303 | D:1      | 303 ||| Stepping ~*~*~tactically~*~*~ (stealth).
   306 | D:1      | Reached XP level 2. HP: 26/26 MP: 1/1
   799 | D:1      | 799 ||| Stepping ~*~*~tactically~*~*~ (stealth).
   810 | D:1      | Reached skill level 5 in Axes
   839 | D:1      | 839 ||| INVOKING Berserk.
   842 | D:1      | Reached XP level 3. HP: 31/31 MP: 2/2
  1004 | D:1      | 1004 ||| DROPPING +0 club.
  1220 | D:1      | You fall into a shaft and drop 1 floor!
  1297 | D:2      | Found Sucies's Magic Scroll Emporium.
  1344 | D:2      | 1344 ||| SHOPLISTING scroll of enchant armour (105 gold,
                  | have 60).
  1344 | D:2      | 1344 ||| BUYING scroll of identify (28 gold).
  1344 | D:2      | Bought a scroll of identify for 28 gold pieces
  1344 | D:2      | 1344 ||| BUYING scroll of identify (28 gold).
  1344 | D:2      | Bought a scroll of identify for 28 gold pieces
  1344 | D:2      | 1344 ||| SHOPLISTING scroll of identify (28 gold, have 4).
  1344 | D:2      | 1344 ||| SHOPLISTING scroll of teleportation (42 gold, have
                  | 4).
  1398 | D:2      | 1398 ||| UPGRADING to +0 ring mail.
  1408 | D:2      | 1408 ||| DROPPING +0 animal skin.
  1409 | D:2      | 1409 ||| UPGRADING to +0 pair of gloves.
  1414 | D:2      | 1414 ||| UPGRADING to ring of willpower.
  1415 | D:2      | 1415 ||| UPGRADING to ring of resist corrosion.
  1416 | D:2      | 1416 ||| READING 2 scrolls labelled LUFASTISEHU.
  1417 | D:2      | 1417 ||| READING scroll labelled VUCUUM TYFOJEY.
  1418 | D:2      | 1418 ||| READING scroll labelled PEZAIK WORGHU.
  1424 | D:2      | Reached ** piety under Trog
  1425 | D:2      | 1425 ||| READING scroll labelled FUSASTRIAMU.
  1426 | D:2      | 1426 ||| READING 5 scrolls labelled RINIEXORIORY.
  1427 | D:2      | 1427 ||| READING 2 scrolls of identify.
  1427 | D:2      | 1427 ||| IDENTIFYING blue potion
  1429 | D:2      | 1429 ||| Stepping ~*~*~tactically~*~*~ (stealth).
  1456 | D:2      | 1456 ||| Stepping ~*~*~tactically~*~*~ (stealth).
  1502 | D:2      | Reached XP level 4. HP: 37/39 MP: 3/3
  1511 | D:2      | 1511 ||| DROPPING scroll of fear.
  1512 | D:2      | 1512 ||| DROPPING potion of lignification.
  1513 | D:2      | 1513 ||| DROPPING 4 scrolls of noise.
  1543 | D:2      | Reached skill level 6 in Axes
  1580 | D:2      | 1580 ||| Stepping ~*~*~tactically~*~*~ (hiding).
  1790 | D:2      | 1790 ||| DROPPING ring of flight.
  1791 | D:2      | 1791 ||| READING 2 scrolls of identify.
  1791 | D:2      | 1791 ||| IDENTIFYING black potion
  2177 | D:2      | 2177 ||| Stepping ~*~*~tactically~*~*~ (stealth).
  2188 | D:2      | Identified the +0 robe "Modofiz" {rElec Str-4 Int-4 Stlth+}
  2306 | D:2      | 2306 ||| DROPPING +0 robe "Modofiz" {rElec Str-4 Int-4
                  | Stlth+}.
  2307 | D:2      | 2307 ||| UPGRADING to +2 hat.
  2312 | D:2      | 2312 ||| UPGRADING to ring of see invisible.
  2314 | D:2      | 2314 ||| UPGRADING to ring of willpower.
  2316 | D:2      | 2316 ||| READING scroll labelled PINO LEJUXUGE.
  2451 | D:2      | 2451 ||| READING scroll labelled JEHE GIR LEU.
  2452 | D:2      | 2452 ||| READING scroll labelled TOLUHOWK MESTRO.
  2495 | D:3      | 2495 ||| Stepping ~*~*~tactically~*~*~ (stealth).
  2500 | D:3      | 2500 ||| Stepping ~*~*~tactically~*~*~ (stealth).
  2508 | D:3      | 2508 ||| Stepping ~*~*~tactically~*~*~ (stealth).
  2509 | D:3      | 2509 ||| Stepping ~*~*~tactically~*~*~ (stealth).
  2510 | D:3      | 2510 ||| Stepping ~*~*~tactically~*~*~ (stealth).
  2527 | D:3      | 2527 ||| Stepping ~*~*~tactically~*~*~ (stealth).
  2532 | D:3      | 2532 ||| Stepping ~*~*~tactically~*~*~ (stealth).
  2667 | D:3      | 2667 ||| Stepping ~*~*~tactically~*~*~ (stealth).
  2683 | D:3      | 2683 ||| Stepping ~*~*~tactically~*~*~ (hiding).
  2805 | D:3      | Noticed a necrophage
  2818 | D:3      | Killed a necrophage
  2819 | D:3      | Reached skill level 7 in Axes
  2819 | D:3      | Reached XP level 5. HP: 38/45 MP: 4/4
  3225 | D:3      | 3225 ||| READING scroll labelled TAAFIOQIEG.
  3226 | D:3      | 3226 ||| READING scroll labelled HAH PETOPPIBASK.
  3299 | D:4      | Noticed a phantom
  3311 | D:4      | Killed a phantom
  3312 | D:4      | Reached skill level 8 in Axes
  3312 | D:4      | Reached XP level 6. HP: 52/52 MP: 5/5
  3317 | D:4      | Reached *** piety under Trog
  3405 | D:4      | 3405 ||| Stepping ~*~*~tactically~*~*~ (stealth).
  3424 | D:4      | 3424 ||| INVOKING Berserk.
  3428 | D:4      | Reached skill level 9 in Axes
  3693 | D:4      | 3693 ||| Stepping ~*~*~tactically~*~*~ (hiding).
  3695 | D:4      | 3695 ||| Stepping ~*~*~tactically~*~*~ (hiding).
  3697 | D:4      | 3697 ||| Stepping ~*~*~tactically~*~*~ (hiding).
  3699 | D:4      | 3699 ||| INVOKING Berserk.
  3705 | D:4      | Reached XP level 7. HP: 61/61 MP: 6/6
  3802 | D:4      | 3802 ||| Stepping ~*~*~tactically~*~*~ (stealth).
  3804 | D:4      | 3804 ||| Stepping ~*~*~tactically~*~*~ (stealth).
  3805 | D:4      | 3805 ||| Stepping ~*~*~tactically~*~*~ (stealth).
  3806 | D:4      | 3806 ||| Stepping ~*~*~tactically~*~*~ (stealth).
  3807 | D:4      | 3807 ||| Stepping ~*~*~tactically~*~*~ (stealth).
  3996 | D:4      | Found a staircase to the Ecumenical Temple.
  4088 | D:4      | 4088 ||| READING scroll labelled HUCYKHECKAX.
  4089 | D:4      | 4089 ||| DRINKING 3 white potions.
  4090 | D:4      | 4090 ||| DROPPING 2 potions of brilliance.
  4115 | D:5      | Entered Level 5 of the Dungeon
  4118 | D:5      | 4118 ||| STAIRDANCE
  4354 | D:5      | 4354 ||| INVOKING Berserk.
  4357 | D:5      | Reached skill level 10 in Axes
  4602 | D:5      | 4602 ||| INVOKING Berserk.
  4604 | D:5      | Reached skill level 1 in Throwing
  4637 | D:5      | 4637 ||| FLEEEEING.
  4638 | D:5      | 4638 ||| FLEEEEING.
  4639 | D:5      | 4639 ||| FLEEEEING.
  4640 | D:5      | 4640 ||| FLEEEEING.
  4642 | D:5      | 4642 ||| FLEEEEING.
  4643 | D:5      | 4643 ||| FLEEEEING.
  4644 | D:5      | 4644 ||| FLEEEEING.
  4645 | D:5      | 4645 ||| FLEEEEING.
  4646 | D:5      | 4646 ||| FLEEEEING.
  4647 | D:5      | 4647 ||| FLEEEEING.
  4648 | D:5      | 4648 ||| FLEEEEING.
  4649 | D:5      | 4649 ||| FLEEEEING.
  4781 | D:5      | 4781 ||| INVOKING Berserk.
  5300 | D:5      | 5300 ||| UPGRADING to +0 chain mail.
  5310 | D:5      | 5310 ||| DROPPING +0 ring mail.
  5311 | D:5      | 5311 ||| UPGRADING to amulet of the acrobat.
  5316 | D:5      | 5316 ||| UPGRADING to +6 ring of dexterity.
  5318 | D:5      | 5318 ||| DROPPING ring of magical power.
  5319 | D:5      | 5319 ||| READING 2 scrolls of identify.
  5319 | D:5      | 5319 ||| IDENTIFYING bubbling clear potion
  5360 | D:6      | 5360 ||| STAIRDANCE
  5365 | D:6      | 5365 ||| STAIRDANCE
  5443 | D:6      | 5443 ||| INVOKING Berserk.
  5445 | D:6      | Reached skill level 3 in Armour
  5551 | D:6      | 5551 ||| INVOKING Berserk.
  5554 | D:6      | Reached skill level 6 in Fighting
  5554 | D:6      | Reached XP level 8. HP: 70/70 MP: 7/7
  5869 | D:6      | 5869 ||| INVOKING Berserk.
  5871 | D:6      | Reached skill level 11 in Axes
  6139 | D:6      | 6139 ||| Stepping ~*~*~tactically~*~*~ (stealth).
  6154 | D:6      | Reached skill level 3 in Dodging
  6208 | D:6      | 6208 ||| SWAPPING to +0 war axe.
  6209 | D:6      | 6209 ||| DROPPING +0 flail.
  6210 | D:6      | 6210 ||| DROPPING +1 hand axe.
  6498 | D:6      | 6498 ||| UPGRADING to +0 plate armour.
  6508 | D:6      | 6508 ||| DROPPING +0 chain mail.
  6509 | D:6      | 6509 ||| READING scroll labelled ESTRIGO NIHOGU.
  6510 | D:6      | 6510 ||| READING 2 scrolls of identify.
  6510 | D:6      | 6510 ||| IDENTIFYING fizzy coppery potion
  6511 | D:6      | 6511 ||| DROPPING potion of invisibility.
  6621 | D:7      | Noticed Maggie
  6640 | D:7      | 6640 ||| INVOKING Berserk.
  6641 | D:7      | Killed Maggie
  6642 | D:7      | Reached skill level 12 in Axes
  6642 | D:7      | Reached XP level 9. HP: 54/75 MP: 8/8
  6886 | D:7      | Reached **** piety under Trog
  6932 | D:7      | 6932 ||| Stepping ~*~*~tactically~*~*~ (hiding).
  6933 | D:7      | 6933 ||| Stepping ~*~*~tactically~*~*~ (hiding).
  6941 | D:7      | 6941 ||| Stepping ~*~*~tactically~*~*~ (hiding).
  6942 | D:7      | 6942 ||| Stepping ~*~*~tactically~*~*~ (hiding).
  6946 | D:7      | 6946 ||| Stepping ~*~*~tactically~*~*~ (hiding).
  6951 | D:7      | 6951 ||| INVOKING Berserk.
  6961 | D:7      | 6961 ||| Stepping ~*~*~tactically~*~*~ (stealth).
  6962 | D:7      | 6962 ||| Stepping ~*~*~tactically~*~*~ (stealth).
  7031 | D:7      | Found a sparkling altar of Nemelex Xobeh.
  7264 | D:7      | 7264 ||| INVOKING Berserk.
  7401 | D:7      | Identified the ring of Podae {Fly Str+6}
  7551 | D:7      | 7551 ||| Stepping ~*~*~tactically~*~*~ (hiding).
  7743 | D:7      | 7743 ||| DROPPING ring of resist corrosion.
  7744 | D:7      | 7744 ||| UPGRADING to ring of Podae {Fly Str+6}.
  7746 | D:7      | 7746 ||| DROPPING ring of willpower.
  7747 | D:7      | 7747 ||| READING scroll labelled RIPLOIFELL.
  7848 | D:7      | 7848 ||| READING scroll labelled WILLES DAHEDGHO.
  7892 | D:8      | Noticed Pikel
  7893 | D:8      | 7893 ||| STAIRDANCE
  7900 | D:8      | 7900 ||| STAIRDANCE
  7902 | D:7      | 7902 ||| INVOKING Berserk.
  8009 | D:8      | 8009 ||| INVOKING Berserk.
  8015 | D:8      | Killed Pikel
  8016 | D:8      | Reached skill level 13 in Axes
  8016 | D:8      | 8016 ||| STAIRDANCE
  8107 | D:8      | Found Fiohyag's Jewellery Shoppe.
  8116 | D:8      | 8116 ||| SHOPLISTING +4 ring of protection (504 gold, have
                  | 360).
  8116 | D:8      | 8116 ||| SHOPLISTING amulet of guardian spirit (420 gold,
                  | have 360).
  8116 | D:8      | 8116 ||| SHOPLISTING amulet of regeneration (420 gold, have
                  | 360).
  8171 | D:8      | Reached skill level 6 in Armour
  8186 | D:8      | 8186 ||| Stepping ~*~*~tactically~*~*~ (hiding).
  8189 | D:8      | 8189 ||| INVOKING Berserk.
  8380 | D:8      | 8380 ||| READING 2 scrolls of enchant armour.
  8380 | D:8      | 8380 ||| ENCHANTING +0 pair of gloves.
  8381 | D:8      | 8381 ||| READING scroll of enchant armour.
  8381 | D:8      | 8381 ||| ENCHANTING +1 pair of gloves.
  8473 | D:8      | Noticed Amaemon
  8477 | D:8      | Noticed an orange demon
  8485 | D:8      | 8485 ||| INVOKING Berserk.
  8494 | D:8      | Killed Amaemon
  8502 | D:8      | HP: 18/80 [poisoned by an orange demon]
  8502 | D:8      | HP: 8/80 [orange demon[Amaemon] (2)]
  8503 | D:8      | 8503 ||| READING 2 scrolls of teleportation.
  8503 | D:8      | Succumbed to an orange demon's poison

Levels and vault maps discovered:
D:1:      dpeg_arrival_shelter, layout_loops_corners, serial_shops, shop,
          serial_aquarium, aquarium_bridge_straight [aquarium_subvault_bridge,
          aquarium_subvault_wall, aquarium_subvault_bridge,
          aquarium_subvault_window], aquarium_window_corridor_2,
          aquarium_window_1, aquarium_window_fake, aquarium_window_corner,
          aquarium_view_2c, aquarium_view_2f, aquarium_pool_side
D:2:      layout_basic, serial_shops, shop_scrolls, minmay_crystal_room,
          minmay_misc_feat_four_crosses
D:3:      layout_loops_cross
D:4:      layout_cave_pools, minmay_temple_entry_butterflies
D:5:      layout_cave_pods, kennysheep_nondescript,
          nicolae_concentric_dashed_squares_wild
D:6:      layout_loops_cross
D:7:      layout_gridville, mainiacjoe_overflow_boulevard, uniq_maggie
D:8:      layout_basic, minitemple, serial_shops, shop, uniq_psyche,
          uniq_amaemon, uniq_pikel

Skill      XL: |  1  2  3  4  5  6  7  8  9 |
---------------+----------------------------+-----
Axes           | 4 5 7 8 9 10 12 13 | 13.6
Fighting       | 4 5 6 7 |  7.7
Throwing       | 1 4 |  4.1
Armour         | 3 5 6 |  6.2
Dodging        | 3 |  3.3

Action                   |  1- 3 |  4- 6 |  7- 9 || total
-------------------------+-------+-------+-------++-------
Melee: Hand axe          |    83 |   123 |    79 ||   285
       Headbutt          |    13 |    22 |    48 ||    83
       Punch             |     1 |       |     2 ||     3
       War axe           |       |       |   113 ||   113
Throw: Boomerang         |       |     9 |    46 ||    55
Invok: Berserk           |     1 |     2 |    13 ||    16
  Use: Scroll            |     6 |     6 |     9 ||    21
       Potion            |       |       |     1 ||     1
Armor: Animal skin       |     4 |       |       ||     4
       Ring mail         |     5 |    38 |     4 ||    47
       Chain mail        |       |       |    15 ||    15
       Plate armour      |       |       |    74 ||    74
Dodge: Dodged            |    33 |    45 |    98 ||   176

Table legend:
 A = Non-vault XP
 B = Vault XP
 C = Vault XP percentage of total XP
 D = Non-vault monster count
 E = Vault monster count
 F = Vault count percentage of total count
                 A         B        C        D         E       F
            +---------+---------+-------+---------+---------+-------
      Total |    3676 |    1730 |  32.0 |     166 |       3 |   1.8
            +---------+---------+-------+---------+---------+-------
        D:1 |      62 |       0 |   0.0 |      32 |       0 |   0.0
        D:2 |      76 |       0 |   0.0 |      25 |       0 |   0.0
        D:3 |     146 |       0 |   0.0 |      21 |       0 |   0.0
        D:4 |     650 |       0 |   0.0 |      30 |       0 |   0.0
        D:5 |     330 |       0 |   0.0 |       9 |       0 |   0.0
        D:6 |     884 |       0 |   0.0 |      19 |       0 |   0.0
        D:7 |    1137 |     376 |  24.9 |      21 |       1 |   4.5
        D:8 |     391 |    1354 |  77.6 |       9 |       2 |  18.2
            +---------+---------+-------+---------+---------+-------
